 Dungeon Crawl Stone Soup version 0.30-a0-1075-gcd70e7a56d (webtiles) character file.

Game seed: 3834353189851887877

39 cheesebisquit the Magician (level 3, -2/25 HPs)
             Began as a Djinni Fire Elementalist on Apr 14, 2023.
             Slain by a worm (8 damage)
             ... on level 2 of the Dungeon.
             The game lasted 00:04:50 (1022 turns).

cheesebisquit the Magician (DjFE)                   Turns: 1022, Time: 00:04:51

Health: -2/25      AC:  2    Str:  7    XL:     3   Next: 67%
Gold:   87         EV: 12    Int: 18    God:
                   SH:  0    Dex: 13

rFire   + + .      SeeInvis .    d - +0 mace
rCold   x . .      Faith    .    (no shield)
rNeg    . . .      Spirit   .    a - +0 robe
rPois   ∞          Reflect  .    (no helmet)
rElec   .          Rampage  .    (no cloak)
rCorr   .                        (no gloves)
Will    .....                    (boots unavailable)
Stlth   ++                       (no amulet)
HPRegen 0.24/turn                (no ring)
MPRegen 0.00/turn                (no ring)

@: flying
A: sickness immunity, fire resistance 2, cold vulnerability 1, float, innate
caster, HP casting, extra vitality 1
a: no special abilities


You were on level 2 of the Dungeon.
You visited 1 branch of the dungeon, and saw 2 of its levels.

You collected 87 gold pieces.

Inventory:

Hand Weapons
 d - a +0 mace (weapon)
Missiles
 b - 6 silver boomerangs
 h - 4 poisoned darts
Armour
 a - a +0 robe (worn)
Scrolls
 c - 2 scrolls of identify {unknown}
 e - 3 scrolls of enchant weapon {unknown}
 f - a scroll of teleportation {unknown}
 l - a scroll of brand weapon {unknown}
Potions
 g - 2 potions of degeneration {unknown}
 i - a potion of attraction {unknown}
 j - a potion of lignification {unknown}
 k - a potion of magic {unknown}


   Skills:
 - Level 2.1 Dodging
 - Level 1.5 Stealth
 + Level 3.4 Spellcasting


You knew the following spells:

 Your Spells              Type           Power      Damage    Failure   Level
a - Foxfire               Conj/Fire      60%        2x1d7     3%          1
b - Scorch                Fire           30%        2d6       5%          2
c - Volatile Blastmotes   Fire/Tloc      30%        2d12      11%         3
d - Inner Flame           Hex/Fire       15%        N/A       11%         3
e - Flame Wave            Conj/Fire      15%        2d7       36%         4
f - Shock                 Conj/Air       60%        1d6       3%          1
Your spell library was empty.

Dungeon Overview and Level Annotations

Branches:
Dungeon (2/15)

Altars:


Innate Abilities, Weirdness & Mutations

You are immune to sickness and miasma.
You are immune to poison.
Your flesh is very heat resistant. (rF++)
You are vulnerable to cold. (rC-)
You float through the air rather than walking.
You learn spells naturally, not from books.
Your magical power is your life essence.
You have superior vitality. (+4 MHP)


Message History

The foxfire hits the dart slug.
The dart slug is severely wounded.
The foxfire hits the worm.
The worm is moderately wounded.
The jackal barely misses you.
The jackal bites you but does no damage.
The dart slug barely misses you.
You are too injured to fight recklessly!
The worm completely misses you. The dart slug launches a dart at you.
The slug dart hits you. The jackal barely misses you.
You are too injured to fight recklessly!
Casting: Foxfire (safe; 3% risk of failure)
Press: ? - help, Q - select action, (/) - cycle Dir - look around, f - activate You conjure some foxfire!
The jackal bites you.
* * * LOW HITPOINT WARNING * * *
The dart slug barely misses you.
The foxfire hits the jackal.
You kill the jackal!
The foxfire hits the dart slug.
The dart slug is almost dead.
Casting: Foxfire (safe; 3% risk of failure)
Press: ? - help, Q - select action, (/) - cycle Dir - look around, f - activate Look: a worm (lightly wounded)
Okay, then.
The dart slug closely misses you.
Casting: Foxfire (safe; 3% risk of failure)
Press: ? - help, Q - select action, (/) - cycle Dir - look around, f - activate You conjure some foxfire!
* * * LOW HITPOINT WARNING * * *
The dart slug barely misses you. The worm closely misses you.
You hit the worm.
The worm is moderately wounded.
The foxfire hits the dart slug.
You kill the dart slug!
The foxfire hits the worm but does no damage.
The worm is moderately wounded.
The worm bites you!
You die...

... # .###
#. #########
.... # #..
#.......#
.####.#
..##.......#
......#.
#.#.......#
........
#........#
......#
#.).?...#
.####.#
#w......#
......#
#@......#
.######
#§§...### .#
#.###.# ## #
..# .# #..S#
#.# . ..#
#.. . #.#
##. ..# #
###


You could see a worm.

Vanquished Creatures
  A dart slug (D:2)
  6 endoplasms
  2 giant cockroaches (D:1)
  4 goblins
  2 hobgoblins (D:1)
  A jackal (D:2)
  3 kobolds
  2 quokkas (D:1)
  2 ball pythons (D:1)
  5 bats (D:1)
  3 frilled lizards
  4 rats
35 creatures vanquished.

Vanquished Creatures (others)
  89 foxfires
89 creatures vanquished.

Grand Total: 124 creatures vanquished

Notes
Turn   | Place    | Note
-------+----------+-------------------------------------------
     0 | D:1      | cheesebisquit the Djinni Fire Elementalist began the quest
                  | for the Orb.
     0 | D:1      | cheesebisquit set off with the following spells memorised:
                  | Foxfire, Scorch, Volatile Blastmotes, Inner Flame, Flame
                  | Wave.
     0 | D:1      | Reached XP level 1. HP: 15/15 MP: 0/0
   120 | D:1      | Reached XP level 2. HP: 8/21 MP: 0/0
   253 | D:1      | Reached skill level 3 in Spellcasting
   454 | D:1      | You are sucked into a shaft and drop 1 floor!
   503 | D:1      | Reached XP level 3. HP: 25/25 MP: 0/0
   503 | D:1      | Learned a level 1 spell: Shock
  1022 | D:2      | Slain by a worm

Illustrated notes

Levels and vault maps discovered:
D:1:      minmay_arrival_stone_box, layout_basic, minmay_tetromino_l4
D:2:      layout_loops_cross, basic_altar

Skill      XL: |  1  2 |
---------------+-------+-----
Spellcasting   | 3 |  3.4
Dodging        | |  2.1
Stealth        | |  1.5

Action                     || total
---------------------------++-------
  Melee: Unarmed           ||     1
         Mace              ||     3
  Throw: Boomerang         ||     1
   Cast: Foxfire           ||    51
 Armour: Robe              ||     6
  Dodge: Dodged            ||    21

Table legend: (Time is in decaauts)
 A = Elapsed time spent in this place.
 B = Non-inter-level travel time spent in this place.
 C = Inter-level travel time spent in this place.
 D = Time resting spent in this place.
 E = Time spent auto-exploring this place.
 F = Levels seen in this place.
 G = Mean time per level.
                   A        B        C        D        E       F      G
               +--------+--------+--------+--------+--------+-----+--------+
         Total |   1021 |    992 |     29 |      0 |    755 |   2 |  510.5 |
       Dungeon |   1021 |    992 |     29 |      0 |    755 |   2 |  510.5 |
               +--------+--------+--------+--------+--------+-----+--------+

Top non-repeatable levels by time:
     D:1: 900 daAuts
     D:2: 121 daAuts
